 Dungeon Crawl Stone Soup version 0.16-a0-3476-g5f3739d (webtiles) character file.

1760 superterranean the Skirmisher (level 8, -3/87 HPs)
             Began as a Troll Monk on Jan 6, 2015.
             Was a Believer of Pakellas.
             Slain by Prince Ribbit (12 damage)
             ... on level 7 of the Dungeon.
             The game lasted 00:21:31 (5997 turns).

superterranean the Skirmisher (Troll Monk)          Turns: 5997, Time: 00:21:31

Health: -3/87      AC:  7    Str: 20    XL:     8   Next: 79%
Magic:  18/18      EV: 10    Int:  8    God:    Pakellas [**....]
Gold:   360        SH:  0    Dex: 12    Spells: 0 memorised, 7 levels left

rFire  . . .     SeeInvis .       - Unarmed
rCold  . . .     Clarity  .     g - +2 robe {rN+}
rNeg   + . .     SustAb   .     (shield restricted)
rPois  +         Gourm    +     (helmet restricted)
rElec  .         Spirit   .     (no cloak)
rCorr  .         Warding  .     (gloves unavailable)
rMut   .         Stasis   .     (boots unavailable)
MR     .....                    (no amulet)
Stlth  +.........               e - ring of poison resistance
                                s - ring of magical power

@: very slightly contaminated, invisible, not resistant to hostile enchantments,
very unstealthy
A: unfitting armour, claws 3, fast metabolism 3, gourmand, regeneration 2,
shaggy fur 1, tough skin 2
a: Minor Device Surge, Quick Charge, Renounce Religion


You were on level 7 of the Dungeon.
You worshipped Pakellas.
Pakellas was pleased with you.
You were very hungry.

You visited 2 branches of the dungeon, and saw 8 of its levels.
You also visited: Ossuary.

You collected 360 gold pieces.

Inventory:

Armour
 a - a cursed +0 robe
 g - a +2 robe of positive energy (worn)
Jewellery
 e - a ring of poison resistance (right claw)
 s - a ring of magical power (left claw)
 D - an uncursed ring of flight
Magical devices
 j - a wand of flame (1)
 o - a wand of random effects (24)
 y - a wand of frost (38)
 B - a wand of draining (1)
 I - a wand of magic darts (13)
 N - a wand of invisibility (0)
Scrolls
 i - 5 scrolls of remove curse
 m - 3 scrolls of teleportation
 n - a scroll of blinking {unknown}
 r - 2 scrolls of fog
 u - a scroll of recharging {unknown}
 v - a scroll of magic mapping {unknown}
 A - a scroll of noise {unknown}
 C - 2 scrolls of enchant weapon
 F - a scroll of enchant armour {unknown}
 K - a scroll of fear {unknown}
Potions
 c - 8 potions of curing
 h - a potion of cure mutation
 k - 3 potions of brilliance
 p - a potion of might
 q - a potion of lignification
 t - a potion of agility {unknown}
 x - 2 potions of resistance
 z - a potion of cancellation {unknown}
 G - a potion of beneficial mutation {unknown}
 H - a potion of poison {unknown}
 L - a potion of restore abilities {unknown}
 M - 2 potions of heal wounds
Books
 w - a book of Fire

   Spells                             Type                      Level
   a - Ignite Poison                  Fire/Transmutation           5
   b - Fireball                       Conjuration/Fire             5
   c - Bolt of Fire                   Conjuration/Fire             6
   d - Delayed Fireball               Conjuration/Fire             7
   e - Ring of Flames                 Charms/Fire                  7
   Pakellas disapproves of the use of such an item.
Comestibles
 b - 4 meat rations
 d - 3 royal jellies
 l - 2 slices of pizza
 E - 2 bread rations
 J - 3 fruits


   Skills:
 - Level 7.2 Fighting
 - Level 2.4 Dodging
 - Level 1.1 Stealth
 + Level 6.5 Unarmed Combat
 + Level 4.9 Evocations


You had 7 spell levels left.
You didn't know any spells.

Dungeon Overview and Level Annotations

Branches:
Dungeon (7/15)             Temple (1/1) D:7

Altars:
Ashenzari
Cheibriados
Dithmenos
Elyvilon
Fedhas
Gozag
Kikubaaqudgha
Makhleb
Nemelex Xobeh
Okawaru
Pakellas
Ru
Sif Muna
Trog
Vehumet
Xom
Yredelemnul
Zin
The Shining One

Shops:
D:7 :

Annotations:
D:7 Prince Ribbit


Innate Abilities, Weirdness & Mutations

You are too large for most types of armour.
You have claws for hands.
Your metabolism is lightning-fast.
You like to eat raw meat.
You heal very quickly.
You are covered in fur (AC +1).
You have very tough skin (AC +2).


Message History

* * * LOW HITPOINT WARNING * * *
Prince Ribbit hits you!
* * * LOW HITPOINT WARNING * * *
You are too injured to fight recklessly!
Evoke which item? (* to show all) (? for menu, Esc to quit)
Okay, then.
Press: ? - help, v - describe, . - travel, g - get item
Here: Prince Ribbit A hobgoblin corpse.
The floor.
Evoke which item? (* to show all) (? for menu, Esc to quit)
Zapping:
N - a wand of invisibility (will waste charges)
Press: ? - help, Shift-Dir - straight line, f - you You fade into invisibility!
You are very lightly contaminated with residual magic.
Evoking this partially-identified wand wasted a few charges.
Prince Ribbit hits you!!
* * * LOW HITPOINT WARNING * * *
Prince Ribbit hits you!
You die...

..........# #..####............∩.
.##.##....###..#.................
.##.##.........#.##..#.#######...
.##............#.#.........#.....
.##.#...######...)...#.###.#.#...
.##.....#......#.#.#.#.###.#.#...
.......##.####.#.................
#####.###.####.###...........#...
#.# #)#.....@F.†.............
###.###.#.##.####.........#####
#.........##.# #..##.#........
#.#####......# #..##......##..
#.# ######## #..##.#.#..##.# #.#
#..##[.......## #.#
#.......#.###.# #.#
#.......<.###.. ###.######
###.###.......#


You could see Prince Ribbit.

Vanquished Creatures
  Grinder (D:6)
  Edmund (D:5)
  A hippogriff (D:7)
  3 phantoms
  An ogre (D:5)
  Duvessa (D:7)
  A big kobold (D:7)
  3 giant frogs (D:7)
  3 crimson imps
  Dowan (D:7)
  A goliath beetle (D:6)
  A lava snake (D:7)
  2 centaur zombies (Ossuary)
  A giant frog skeleton (D:7)
  An orc wizard (D:7)
  2 iguanas
  2 worker ants (D:5)
  Jessica (D:2)
  4 big kobold zombies (Ossuary)
  2 hound skeletons
  4 mummies (Ossuary)
  4 gnolls (D:3)
  6 adders
  2 worms
  7 giant geckos
  19 orcs
  A ball python (D:2)
  14 bats
  2 bat skeletons
  2 bat zombies (D:5)
  2 giant cockroaches
  12 goblins
  14 hobgoblins
  12 jackals
  17 kobolds
  6 quokkas
  8 giant newts
  4 hobgoblin zombies (Ossuary)
  14 rats
183 creatures vanquished.

Notes
Turn   | Place    | Note
--------------------------------------------------------------
     0 | D:1      | superterranean, the Troll Monk, began the quest for the Orb.
     0 | D:1      | Reached XP level 1. HP: 22/22 MP: 1/1
   236 | D:1      | Reached XP level 2. HP: 29/29 MP: 1/1
   641 | D:1      | Reached skill level 5 in Unarmed Combat
   641 | D:1      | Reached XP level 3. HP: 36/36 MP: 2/2
   925 | D:2      | Noticed Jessica
   941 | D:2      | Killed Jessica
  1576 | D:3      | Found a shadowy altar of Dithmenos.
  1591 | D:3      | Reached XP level 4. HP: 15/44 MP: 2/2
  1923 | D:3      | Reached skill level 1 in Evocations
  1923 | D:3      | Reached XP level 5. HP: 34/52 MP: 2/2
  2522 | D:4      | Noticed a phantom
  2535 | D:4      | Killed a phantom
  2692 | D:4      | Noticed a phantom
  2716 | D:4      | Killed a phantom
  2716 | D:4      | Reached XP level 6. HP: 36/62 MP: 4/4
  3511 | D:5      | Entered Level 5 of the Dungeon
  3914 | D:5      | Noticed Edmund
  3931 | D:5      | Killed Edmund
  3986 | D:5      | Reached skill level 5 in Fighting
  3986 | D:5      | Reached XP level 7. HP: 53/72 MP: 5/5
  4413 | D:6      | Found a blossoming altar of Fedhas.
  4414 | D:6      | Noticed Grinder
  4416 | D:6      | Paralysed by Grinder for 6 turns
  4425 | D:6      | Killed Grinder
  4425 | D:6      | Reached skill level 6 in Fighting
  4546 | D:6      | Found a sand-covered staircase.
  4568 | Ossuary  | Entered an ossuary
  4587 | Ossuary  | Reached XP level 8. HP: 34/83 MP: 7/7
  4848 | Ossuary  | Gained mutation: You have sharp toenails. [potion of mutation]
  4848 | Ossuary  | Gained mutation: You are robust (+10% HP). [potion of mutation]
  4848 | Ossuary  | Gained mutation: Scrolls take you a little longer to read. [potion of mutation]
  4849 | Ossuary  | Gained mutation: You have difficulty communicating with the divine. [potion of mutation]
  4849 | Ossuary  | Gained mutation: You are somewhat resistant to further mutation. [potion of mutation]
  4850 | Ossuary  | Lost mutation: You have difficulty communicating with the divine. [potion of cure mutation]
  4850 | Ossuary  | Lost mutation: You are somewhat resistant to further mutation. [potion of cure mutation]
  4850 | Ossuary  | Lost mutation: Scrolls take you a little longer to read. [potion of cure mutation]
  4850 | Ossuary  | Lost mutation: You have sharp toenails. [potion of cure mutation]
  4850 | Ossuary  | Lost mutation: You are robust (+10% HP). [potion of cure mutation]
  4908 | D:6      | You fall through a shaft!
  4923 | D:7      | Noticed Dowan
  4943 | D:7      | Noticed Duvessa
  4947 | D:7      | Killed Dowan
  4963 | D:7      | Killed Duvessa
  4971 | D:7      | Reached skill level 7 in Fighting
  5098 | D:7      | Found Kugump's Book Shop.
  5355 | D:7      | Found a shimmering altar of Xom.
  5496 | D:7      | Noticed Prince Ribbit
  5810 | D:7      | Found a staircase to the Ecumenical Temple.
  5820 | Temple   | Entered the Ecumenical Temple
  5926 | Temple   | Became a worshipper of Pakellas the Inventive
  5926 | Temple   | Acquired Pakellas' first power
  5926 | Temple   | Acquired Pakellas' second power
  5997 | D:7      | Slain by Prince Ribbit

Action                   |  1- 3 |  4- 6 |  7- 9 || total
-------------------------+-------+-------+-------++-------
Melee: Unarmed           |   118 |   245 |   290 ||   653
Evoke: Wand              |       |     1 |     4 ||     5
  Use: Scroll            |       |       |    18 ||    18
       Potion            |       |       |     5 ||     5
 Stab: Sleeping          |     3 |     3 |     2 ||     8
       Distracted        |       |       |     1 ||     1
  Eat: Chunk             |    14 |    23 |    11 ||    48
       Beef jerky        |       |       |     2 ||     2
